 Dungeon Crawl Stone Soup version 0.31-a0-150-g89dc3ad700 (webtiles) character file.

Game seed: 13310218286413178018

438 qw the Skirmisher (level 6, 0/53 HPs)
             Began as a Minotaur Hunter on June 8, 2023.
             Slain by a jelly (3 damage)
             ... on level 5 of the Dungeon.
             The game lasted 00:01:22 (3053 turns).

qw the Skirmisher (Minotaur Hunter)                 Turns: 3053, Time: 00:01:22

Health: 0/53       AC:  5    Str: 16    XL:     6   Next: 69%
Magic:  5/5        EV: 11    Int:  6    God:
Gold:   170        SH:  0    Dex: 15    Spells: 5/5 levels left

rFire   . . .        Y - +0 shortbow
rCold   . . .        (shield currently unavailable)
rNeg    . . .        g - +0 ring mail
rPois   .            (helmet restricted)
rElec   .            (no cloak)
rCorr   .            (no gloves)
SInv    .            (no boots)
Will    .....        (no amulet)
Stlth   +            (no ring)
HPRegen 0.28/turn    (no ring)
MPRegen 0.09/turn

%: no passive effects
@: no status effects
A: horns 2, retaliatory headbutt
a: no special abilities


You were on level 5 of the Dungeon.
You visited 1 branch of the dungeon, and saw 5 of its levels.

You collected 170 gold pieces.


Innate Abilities, Weirdness & Mutations

You have a pair of horns on your head.
You reflexively headbutt those who attack you in melee.


   Skills:
 + Level 4.4 Fighting
 - Level 8.1 Ranged Weapons
 - Level 1.0 Armour
 - Level 2.1 Dodging
 - Level 0.7 Stealth


You had 5 spell levels left.
You didn't know any spells.
Your spell library was empty.

Inventory:

Hand Weapons
 Y - a +0 shortbow (weapon)
Armour
 g - a +0 ring mail (worn)
Scrolls
 j - a scroll of identify
Potions
 c - a potion of enlightenment {unknown}
 d - a potion of mutation {unknown}
 e - a potion of lignification {unknown}
 f - a potion of might {unknown}
 h - a potion of resistance {unknown}
 k - a potion of invisibility {unknown}

Dungeon Overview and Level Annotations

Branches:
Dungeon (5/15)
 Temple: D:4-7

Altars:


Message History

You feel sick. The scorpion closely misses you.
You shoot an arrow. The arrow barely misses the scorpion.
You feel sick. The scorpion stings you. x2
You shoot an arrow. The arrow closely misses the scorpion.
You feel sick. The scorpion stings you.
You shoot an arrow. The arrow closely misses the scorpion.
You feel sick. The scorpion stings you.
You shoot an arrow.
The arrow hits the scorpion but does no damage.
The scorpion is moderately wounded.
You feel sick. The scorpion stings you. x2
3045 ||| READING scroll of teleportation.
As you read the scroll of teleportation, it crumbles to dust.
You feel strangely unstable.
You feel sick. The scorpion stings you.
You shoot an arrow. The arrow closely misses the scorpion.
You feel sick.
You are no longer poisoned.
The scorpion misses you. You furiously retaliate!
You headbutt the scorpion. You shoot an arrow.
The arrow barely misses the scorpion.
The scorpion stings you but does no damage. x2
You shoot an arrow. The arrow barely misses the scorpion.
The scorpion stings you but does no damage.
You shoot an arrow. The arrow hits the scorpion.
The scorpion is almost dead.
Your surroundings suddenly seem different.
A jelly, a hound and a scorpion come into view.
An iguana comes into view.
You shoot an arrow. The arrow misses the hound.
The iguana hisses angrily.
The jelly quivers.
You shoot an arrow.
The arrow hits the hound but does no damage.
The hound bites you. The hound barely misses you.
You shoot an arrow. The arrow barely misses the hound.
The hound bites you. The jelly barely misses you.
You shoot an arrow. The arrow closely misses the hound.
The hound completely misses you. The scorpion stings you.
The hound bites you but does no damage. The jelly hits you.
You die...

.........
.........
#........
#........
#........
#........
#s.......
#@h......
#...J......
#...l......
#...#......
#...#......
#...#......
#...# .....
#...# .....


You could see a scorpion, an iguana, a hound and a jelly.

Vanquished Creatures
  A water moccasin (D:4)
  A howler monkey (D:5)
  An orc priest (D:4)
  A hound (D:3)
  An orc wizard (D:4)
  A sleepcap (D:5)
  An iguana (D:4)
  A gnoll (D:1)
  5 adders
  4 worms
  7 orcs
  2 bats
  15 endoplasms
  3 giant cockroaches
  6 goblins
  8 hobgoblins
  4 jackals
  2 quokkas (D:2)
  2 ball pythons (D:2)
  8 kobolds
  8 rats
82 creatures vanquished.

Notes
Turn   | Place    | Note
-------+----------+-------------------------------------------
     0 | D:1      | qw the Minotaur Hunter began the quest for the Orb.
     0 | D:1      | Reached XP level 1. HP: 18/18 MP: 0/0
     0 | D:1      | 0 ||| qw: Version: 0.2-a-119-g7aa9181
     0 | D:1      | 0 ||| qw: Game counter: 2833
     0 | D:1      | 0 ||| qw: Always use a shield: true
     0 | D:1      | 0 ||| qw: God list: Okawaru
     0 | D:1      | 0 ||| qw: Allow faded altars: false
     0 | D:1      | 0 ||| qw: Do Orc after D:15 true
     0 | D:1      | 0 ||| qw: Do second Lair branch before Depths: true
     0 | D:1      | 0 ||| qw: Lair rune preference: random
     0 | D:1      | 0 ||| qw: Plans: Normal
     0 | D:1      | 0 ||| PLANNING D:1-11
   100 | D:1      | Reached skill level 5 in Ranged Weapons
   100 | D:1      | Reached XP level 2. HP: 21/25 MP: 1/1
   154 | D:1      | Identified the +5 war axe of the Baleful God {pain, rElec
                  | rN+++ rCorr Str-2}
   484 | D:1      | 484 ||| READING scroll labelled TOLEUT ZEME.
   530 | D:1      | 530 ||| READING scroll labelled JAUMMO DELLAA.
   531 | D:1      | 531 ||| READING scroll labelled BUFEKA ISIT.
   532 | D:1      | 532 ||| READING scroll labelled LOUC COYNADD.
   535 | D:1      | 535 ||| READING 3 scrolls labelled GAZUDWUADOB.
   536 | D:1      | 536 ||| READING 2 scrolls of identify.
   536 | D:1      | 536 ||| IDENTIFYING inky potion
   537 | D:1      | 537 ||| DROPPING scroll of butterflies.
   538 | D:1      | 538 ||| DROPPING potion of magic.
   623 | D:2      | Reached skill level 3 in Fighting
   634 | D:2      | Reached XP level 3. HP: 31/31 MP: 2/2
  1008 | D:2      | Reached XP level 4. HP: 27/38 MP: 3/3
  1149 | D:2      | Reached skill level 6 in Ranged Weapons
  1310 | D:2      | 1310 ||| UPGRADING to +0 ring mail.
  1320 | D:2      | 1320 ||| DROPPING +0 leather armour.
  1321 | D:2      | 1321 ||| DROPPING amulet of magic regeneration.
  1322 | D:2      | 1322 ||| READING scroll labelled GEASCHA COTRORO.
  1323 | D:2      | 1323 ||| DRINKING 3 viscous inky potions.
  1324 | D:2      | 1324 ||| READING 2 scrolls of identify.
  1324 | D:2      | 1324 ||| IDENTIFYING murky orange potion
  1325 | D:2      | 1325 ||| DROPPING potion of brilliance.
  1446 | D:3      | Reached skill level 1 in Armour
  1764 | D:3      | Reached XP level 5. HP: 46/46 MP: 4/4
  2011 | D:3      | 2011 ||| READING scroll labelled TEUBRAUGIG.
  2013 | D:3      | 2013 ||| Stepping ~*~*~tactically~*~*~ (cloud).
  2203 | D:4      | Identified the +3 spear of Taxation {vamp, *Noise rN+ Str+4
                  | Int+3}
  2291 | D:4      | Noticed a water moccasin
  2302 | D:4      | Killed a water moccasin
  2303 | D:4      | Reached skill level 7 in Ranged Weapons
  2303 | D:4      | Reached XP level 6. HP: 29/52 MP: 5/5
  2433 | D:4      | 2433 ||| Stepping ~*~*~tactically~*~*~ (outnumbered).
  2760 | D:4      | 2760 ||| DRINKING 2 potions of curing.
  2760 | D:4      | 2760 ||| (to cure confusion)
  2787 | D:4      | 2787 ||| DRINKING potion of curing.
  2787 | D:4      | 2787 ||| (to cure confusion)
  2933 | D:5      | Entered Level 5 of the Dungeon
  2934 | D:5      | 2934 ||| PLANNING OSSUARY
  2943 | D:5      | Reached skill level 8 in Ranged Weapons
  3044 | D:5      | HP: 10/53 [scorpion (4)]
  3045 | D:5      | 3045 ||| READING scroll of teleportation.
  3051 | D:5      | HP: 6/53 [hound (2)]
  3053 | D:5      | Slain by a jelly

Levels and vault maps discovered:
D:1:      dpeg_arrival_stone_temple_mockup, layout_rooms, dk_noncrumbling_3,
          dk_noncrumbling_4
D:2:      layout_loops_cross, uniq_crazy_yiuf_cottage
D:3:      layout_loops_ring
D:4:      layout_loops_ring
D:5:      layout_basic, enter_ossuary_4, nicolae_nh_ransacked_shop, uniq_duvessa

Skill      XL: |  1  2  3  4  5  6 |
---------------+-------------------+-----
Ranged Weapons | 5 6 7 8 |  8.1
Fighting       | 3 4 |  4.4
Armour         | 1 |  1.0
Dodging        | |  2.1
Stealth        | |  0.7

Action                     |  1- 3 |  4- 6 || total
---------------------------+-------+-------++-------
   Fire: Shortbow          |   110 |   214 ||   324
    Use: Scroll            |     6 |     4 ||    10
         Potion            |       |     3 ||     3
 Armour: Leather armour    |     5 |     1 ||     6
         Ring mail         |       |    29 ||    29
  Dodge: Dodged            |    20 |    36 ||    56

Table legend:
 A = Non-vault XP
 B = Vault XP
 C = Vault XP percentage of total XP
 D = Non-vault monster count
 E = Vault monster count
 F = Vault count percentage of total count
                 A         B        C        D         E       F
            +---------+---------+-------+---------+---------+-------
      Total |     626 |       0 |   0.0 |      82 |       0 |   0.0
            +---------+---------+-------+---------+---------+-------
        D:1 |      34 |       0 |   0.0 |      13 |       0 |   0.0
        D:2 |      94 |       0 |   0.0 |      25 |       0 |   0.0
        D:3 |      86 |       0 |   0.0 |      23 |       0 |   0.0
        D:4 |     319 |       0 |   0.0 |      19 |       0 |   0.0
        D:5 |      93 |       0 |   0.0 |       2 |       0 |   0.0
            +---------+---------+-------+---------+---------+-------
